 Dungeon Crawl Stone Soup version 0.28-a0-834-g1a73be5ee4 (webtiles) character file.

Game seed: 2294633327429653379

45 emperorscorpion the Magician (level 3, -8/28 HPs)
             Began as a Djinni Warper on Nov 11, 2021.
             Shot with an arrow by a centaur (9 damage)
             ... on level 3 of the Dungeon.
             The game lasted 00:05:38 (2557 turns).

emperorscorpion the Magician (Djinni Warper)        Turns: 2557, Time: 00:05:39

Health: -8/28      AC:  3    Str:  9 (10) XL:     3   Next: 90%
Gold:   75         EV: 11    Int: 13 (15) God:
                   SH:  0    Dex:  9 (12)

rFire   + + .      SeeInvis .     - Unarmed
rCold   x . .      Faith    .   (no shield)
rNeg    . . .      Spirit   .   a - +0 leather armour
rPois   ∞          Reflect  .   (no helmet)
rElec   .          Harm     .   (no cloak)
rCorr   .          Rampage  .   (no gloves)
Will    .....                   (boots unavailable)
Stlth   +.........              (no amulet)
HPRegen 0.09/turn               (no ring)
MPRegen 0.00/turn               (no ring)

@: flying
A: sickness immunity, fire resistance 2, cold vulnerability 1, float, innate
caster, hp casting, extra vitality 1
a: no special abilities


You were on level 3 of the Dungeon.
You visited 1 branch of the dungeon, and saw 3 of its levels.

You collected 117 gold pieces.
You spent 42 gold pieces at shops.

Inventory:

Missiles
 c - 4 boomerangs of dispersal (quivered)
 g - 8 poisoned darts
Armour
 a - a +0 leather armour (worn)
Scrolls
 b - a scroll of blinking
 h - a scroll of immolation
 j - a scroll of teleportation
 k - a scroll of identify
Potions
 d - a potion of flight
 e - a potion of cancellation


   Skills:
 + Level 2.1 Fighting
 + Level 0.7 Throwing
 + Level 2.0 Armour
 + Level 2.4 Dodging
 + Level 2.5 Unarmed Combat
 + Level 2.7 Spellcasting


You couldn't memorise any spells.
You knew the following spells:

 Your Spells              Type           Power      Damage    Failure   Level
a - Slow                  Hex            36%        N/A       11%         1
b - Lesser Beckoning      Tloc           9%         N/A       30%         3
c - Gell's Gravitas       Tloc           9%         N/A       30%         3
d - Teleport Other        Tloc           9%         N/A       30%         3
e - Manifold Assault      Tloc           9%         N/A       96%         5
B - Blink                 Tloc           18%        N/A       16%         2
Your spell library was empty.

Dungeon Overview and Level Annotations

Branches:
Dungeon (3/15)

Altars:
Elyvilon
Yredelemnul

Shops:
D:3 *


Innate Abilities, Weirdness & Mutations

You are immune to sickness and miasma.
You are immune to poison.
Your flesh is very heat resistant. (rF++)
You are vulnerable to cold. (rC-)
You float through the air rather than walking.
You learn spells naturally, not from books.
Your magical power is your life essence.
You have superior vitality. (+4 HP)


Message History

The centaur hits you but does no damage.
The centaur closely misses you.
You completely miss the centaur. You hit the centaur.
The centaur is lightly wounded.
The centaur barely misses you. The centaur kicks you.
You hit the centaur but do no damage.
The centaur is lightly wounded.
The centaur hits you. The centaur kicks you.
You hit the centaur but do no damage.
The centaur is lightly wounded.
The centaur closely misses you. The centaur barely misses you.
You hit the centaur but do no damage.
The centaur is lightly wounded.
The centaur barely misses you. The centaur kicks you.
You hit the centaur.
The centaur is moderately wounded.
The centaur hits you. The centaur kicks you.
You hit the centaur but do no damage.
The centaur is moderately wounded.
The centaur hits you.
* * * LOW HITPOINT WARNING * * *
The centaur kicks you but does no damage.
Okay, then.
You hit the centaur.
The centaur is moderately wounded.
The centaur hits you.
* * * LOW HITPOINT WARNING * * *
The centaur barely misses you.
Throw: 5 boomerangs (disperse)
Press: ? - help, Q - select action, (/) - cycle Shift-Dir - straight line, f/p - centaur
Aim: a centaur, quivering arrows (moderately wounded, slow, 67% to hit)
You throw a boomerang of dispersal.
The boomerang of dispersal hits the centaur.
The centaur blinks!
The centaur is moderately wounded.
The centaur is no longer moving slowly.
The centaur wields a +0 shortbow.
The centaur shoots an arrow.
The arrow hits you!
You die...

.......≈≈≈≈≈....#
........≈≈≈.....#
#.........≈.....#
#.........≈.....#
#...:)..c.......# c
##.###....######...
#######........###......
###.....#####..≈.≈J..#
#....##.#.....#≈@≈#..#
#....##...###PP≈.≈.P.#
#....####.# #PP≈.≈..## ..
#....########.#≈.≈#.##.#
###.........#.P≈.≈.....#
###########(#PP≈.≈..#### ######
.............P#≈.≈#..... #.....
......######.P.≈.≈..########.###.
......# #...≈.≈...#.....#.#...


You could see a centaur and an endoplasm.

Vanquished Creatures
  An ufetubus (D:3)
  A worm (D:2)
  3 dart slugs
  3 endoplasms
  A giant cockroach (D:2)
  3 goblins
  5 hobgoblins
  4 ball pythons
  2 bats (D:2)
  2 frilled lizards (D:2)
  2 kobolds
  3 rats
30 creatures vanquished.

Vanquished Creatures (others)
  5 plants (D:3)
5 creatures vanquished.

Grand Total: 35 creatures vanquished

Notes
Turn   | Place    | Note
-------+----------+-------------------------------------------
     0 | D:1      | emperorscorpion the Djinni Warper began the quest for the
                  | Orb.
     0 | D:1      | Reached XP level 1. HP: 18/18 MP: 0/0
   463 | D:1      | Reached XP level 2. HP: 23/23 MP: 0/0
  1057 | D:2      | Reached XP level 3. HP: 15/28 MP: 0/0
  1057 | D:2      | Learned a level 1 spell: Slow
  1470 | D:2      | Found a basalt altar of Yredelemnul.
  1834 | D:3      | Found Waemal Adih's General Store.
  1840 | D:3      | Bought a scroll of teleportation for 42 gold pieces
  1906 | D:3      | Found a white marble altar of Elyvilon.
  2537 | D:3      | Noticed a centaur
  2555 | D:3      | HP: 1/28 [centaur (6)]
  2557 | D:3      | Shot with an arrow by a centaur

Illustrated notes

Levels and vault maps discovered:
D:1:      ncdulo_smallfort, layout_loops_ring
D:2:      layout_rooms, basic_altar, minmay_misc_feat_cross,
          minmay_misc_feat_encased, kennysheep_decorative_pillar,
          chequers_arboretum
D:3:      layout_basic, nicolae_elyvilon_temple_path,
          mainiacjoe_overflow_catwalk, serial_shops, shop_statue,
          lemuel_old_faithful

Skill      XL: |  1  2  3 |
---------------+----------+-----
Armour         | 2 |  2.0
Fighting       | |  2.1
Throwing       | |  0.7
Dodging        | |  2.4
Unarmed Combat | |  2.5
Spellcasting   | |  2.7

Action                   || total
-------------------------++-------
Melee: Unarmed           ||   151
       Punch             ||     1
Throw: Boomerang         ||     1
 Cast: Slow              ||     2
       Lesser Beckoning  ||     2
  Use: Scroll            ||     3
       Potion            ||     3
 Stab: Sleeping          ||     1
Armor: Leather armour    ||    33
Dodge: Dodged            ||    80

Table legend: (Time is in decaauts)
 A = Elapsed time spent in this place.
 B = Non-inter-level travel time spent in this place.
 C = Inter-level travel time spent in this place.
 D = Time resting spent in this place.
 E = Time spent auto-exploring this place.
 F = Levels seen in this place.
 G = Mean time per level.
                   A        B        C        D        E       F      G
               +--------+--------+--------+--------+--------+-----+--------+
         Total |   2551 |   2410 |    141 |    270 |   1787 |   3 |  850.3 |
       Dungeon |   2551 |   2410 |    141 |    270 |   1787 |   3 |  850.3 |
               +--------+--------+--------+--------+--------+-----+--------+

Top non-repeatable levels by time:
     D:1: 1051 daAuts
     D:2: 755 daAuts
     D:3: 744 daAuts
